Avalanche vs Flames
(R1)
Created - 17 octobre 2014 at 19:16
Goals
|
Avalanche |
1 |
1 |
1 |
3 |
Flames |
1 |
1 |
3 |
5 |
|
Shots
|
Avalanche |
8 |
17 |
7 |
32 |
Flames |
9 |
12 |
13 |
34 |
|
1st period
1. Avalanche , Jason Allison 5 (Marc Staal, Andrew Ladd) at 10:17
2. Flames , David Backes 5 (Alexander Semin, Eric Staal) at 18:10
Penalties :
Dustin Byfuglien (Col) for Cross-checking (Minor) at 8:10, Jason Pominville (Col) for Roughing (Minor) at 18:13
2nd period
3. Flames , Patrik Berglund 4 (Erik Johnson, Mark Bell) at 2:21 (PP)
4. Avalanche , Ryan Smyth 5 (Corey Perry, Jason Allison) at 8:58 (PP)
Penalties :
Michael Rupp (Col) for Tripping (Minor) at 1:44, Ryan Smyth (Col) for Slashing (Minor) at 2:57, Milan Hejduk (Cal) for Hooking (Minor) at 8:15
3rd period
5. Flames , Patrik Berglund 5 (Mike Leclerc) at 4:24
6. Flames , Marcel Goc 2 (Steve Regier, Jordin Tootoo) at 5:01
7. Flames , Michal Handzus 2 (Tomas Kaberle) at 6:01
8. Avalanche , Corey Perry 7 (Bryan Little) at 16:29
Penalties :
Milan Hejduk (Cal) for Diving (Minor) at 0:47, David Backes (Cal) for Interference (Minor) at 6:10, Steve Regier (Cal) for Holding (Minor) at 18:55
Goalie Stats
Marty Turco (Col), 29 saves from 34 shots - (0,853), L, 1-2-0, 60:00 minutes
Pekka Rinne (Cal), 29 saves from 32 shots - (0,906), W, 4-3-1, 60:00 minutes
Players Stats for Avalanche
Player Name G A P +/- PIM S H SB GA TA FO MP PP MP PK MP
------------------------------------------------------------------------------------
Andrew Ladd 0 1 1 0 0 1 1 0 0 2 0/1 12:14 0:13 2:31
Brian Campbell 0 0 0 -1 0 1 1 2 1 0 0/0 18:20 2:27 0:00
Bryan Little 0 1 1 -2 0 1 3 0 1 0 10/17 16:52 2:38 0:00
Chuck Kobasew 0 0 0 0 0 3 0 0 0 0 0/0 11:48 0:00 2:08
Corey Perry 1 1 2 -2 0 5 1 0 0 0 2/2 17:16 3:07 0:00
Dave Tanabe 0 0 0 0 0 1 1 0 1 0 0/0 21:30 3:18 2:14
Drew Doughty 0 0 0 -2 0 3 2 0 0 0 0/0 19:23 3:18 0:27
Dustin Byfuglien 0 0 0 0 2 0 4 1 0 0 0/0 11:06 0:13 1:23
Jack Johnson 0 0 0 -1 0 0 0 2 0 2 0/0 23:04 2:27 4:20
Jason Allison 1 1 2 0 0 5 1 0 0 0 5/8 12:35 2:54 0:07
Jason Pominville 0 0 0 0 2 2 0 1 0 0 0/0 17:03 2:38 0:00
Marc Staal 0 1 1 1 0 3 0 4 0 0 0/0 20:47 0:00 3:53
Maxim Talbot 0 0 0 0 0 0 2 0 0 0 1/1 9:24 0:00 0:00
Michael Rupp 0 0 0 -2 2 0 2 0 2 0 0/2 16:59 0:00 2:40
Mike Comrie 0 0 0 0 0 0 1 1 0 2 14/26 18:18 0:00 3:54
Rostislav Olesz 0 0 0 0 0 4 1 0 1 0 0/0 12:37 2:38 0:25
Ryan Smyth 1 0 1 0 2 3 3 2 0 1 0/1 17:10 2:54 0:00
Shane O'Brien 0 0 0 -1 0 0 0 1 0 2 0/0 16:56 0:00 2:14
Players Stats for Flames
Player Name G A P +/- PIM S H SB GA TA FO MP PP MP PK MP
------------------------------------------------------------------------------------
Alexander Semin 0 1 1 1 0 2 1 0 0 0 0/2 20:24 3:03 1:08
Craig Adams 0 0 0 1 0 0 1 0 0 1 0/0 9:02 0:34 1:03
David Backes 1 0 1 1 2 3 1 1 2 0 1/5 19:43 3:01 0:31
Derek Meech 0 0 0 1 0 1 2 0 0 1 0/0 15:03 2:05 2:24
Eric Staal 0 1 1 1 0 4 4 0 0 2 10/23 21:06 2:59 1:44
Erik Johnson 0 1 1 2 0 1 3 1 0 0 0/0 21:58 4:29 2:14
Filip Kuba 0 0 0 -1 0 2 4 0 1 1 0/0 24:20 4:29 0:00
Jordin Tootoo 0 1 1 0 0 1 1 1 0 0 1/1 11:31 0:00 0:00
Marcel Goc 1 0 1 0 0 1 0 0 0 0 1/4 12:30 0:36 0:15
Mark Bell 0 1 1 0 0 0 2 2 0 0 0/0 15:31 2:59 0:00
Michal Handzus 1 0 1 0 0 6 0 0 2 0 12/19 15:46 0:00 3:24
Mike Leclerc 0 1 1 1 0 0 0 0 1 0 0/0 11:22 0:32 3:25
Milan Hejduk 0 0 0 0 4 2 1 0 1 1 0/0 15:30 2:59 0:00
Niklas Kronwall 0 0 0 2 0 1 1 0 1 0 0/0 10:45 0:00 0:00
Patrik Berglund 2 0 2 1 0 3 0 0 1 0 1/3 10:16 2:59 0:00
Steve Eminger 0 0 0 -1 0 1 0 2 0 0 0/0 25:11 0:00 3:31
Steve Regier 0 1 1 0 2 4 2 0 0 0 0/1 11:30 0:00 0:00
Tomas Kaberle 0 1 1 1 0 2 0 1 0 0 0/0 22:43 2:05 3:21
3 Stars
1 - Patrik Berglund (Cal)
2 - Jason Allison (Col)
3 - Erik Johnson (Cal)
Power Play
Avalanche - 1 on 4 Attempt(s) - 25,00%
Flames - 1 on 4 Attempt(s) - 25,00%
Penalty Kill
Avalanche - 3 on 4 Attempt(s) - 75,00%
- Score 0 goal in Penalty Kill
Flames - 3 on 4 Attempt(s) - 75,00%
- Score 0 goal in Penalty Kill
Official
Referees : O'Halloran Dan and Jackson Dave
Linesman : Vaughan Rody and Steve Miller
Game Notes
No Game Note
Finance
Level 1 -- Attendance: 4081 (68,02%) -- Ticket Income 408 100 $
Level 2 -- Attendance: 2902 (58,04%) -- Ticket Income 217 650 $
Level 3 -- Attendance: 1172 (58,60%) -- Ticket Income 52 740 $
Level 4 -- Attendance: 2199 (54,98%) -- Ticket Income 76 965 $
Luxury Box -- Attendance: 676 (67,60%) -- Ticket Income 155 480 $
Game was played at the Metal Center
Total Attendance: 11030 (61,28%)
Total Ticket Income: 910 935 $
Other Income: 136 640 $
Total Income: 1 047 575 $
Avalanche
5 vs 5 Forward
Center Left Wing Right Wing Time % Phy DF OF
1 Bryan Little Michael Rupp Corey Perry 35 1 2 2
2 Mike Comrie Ryan Smyth Jason Pominville 35 1 2 2
3 Maxim Talbot Andrew Ladd Dustin Byfuglien 15 1 2 2
4 Jason Allison Rostislav Olesz Chuck Kobasew 15 1 2 2
5 vs 5 Defense
Defense Defense Time % Phy DF OF
1 Jack Johnson Drew Doughty 35 1 2 2
2 Marc Staal Dave Tanabe 35 1 2 2
3 Brian Campbell Shane O'Brien 30 1 2 2
4 Jack Johnson Drew Doughty 0 1 2 2
PowerPlay Forward
Center Left Wing Right Wing Time % Phy DF OF
1 Jason Allison Ryan Smyth Corey Perry 60 1 2 2
2 Bryan Little Rostislav Olesz Jason Pominville 40 1 2 2
PowerPlay Defense
Defense Defense Time % Phy DF OF
1 Drew Doughty Dave Tanabe 60 1 2 2
2 Brian Campbell Jack Johnson 40 1 2 2
Penalty Kill 4 Players Forward
Center Wing Time % Phy DF OF
1 Mike Comrie Michael Rupp 60 1 2 2
2 Dustin Byfuglien Chuck Kobasew 40 1 2 2
Penalty Kill 4 Players Defense
Defense Defense Time % Phy DF OF
1 Jack Johnson Marc Staal 60 1 2 2
2 Dave Tanabe Shane O'Brien 40 1 2 2
Penalty Kill - 3 Players Forward
Forward Time % Phy DF OF
1 Mike Comrie 60 1 2 2
2 Jason Pominville 40 1 2 2
Penalty Kill - 3 Players Defense
Defense Defense Time % Phy DF OF
1 Jack Johnson Marc Staal 60 1 2 2
2 Dave Tanabe Shane O'Brien 40 1 2 2
4 vs 4 Forward
Center Wing Time % Phy DF OF
1 Corey Perry Jason Pominville 60 1 2 2
2 Ryan Smyth Mike Comrie 40 1 2 2
4 vs 4 Defense
Defense Defense Time % Phy DF OF
1 Jack Johnson Marc Staal 60 1 2 2
2 Dave Tanabe Drew Doughty 40 1 2 2
Last Minutes Offensive
Center Left Wing Right Wing Defense Defense
Jason Allison Ryan Smyth Corey Perry Drew Doughty Dave Tanabe
Last Minutes Defensive
Center Left Wing Right Wing Defense Defense
Mike Comrie Michael Rupp Chuck Kobasew Jack Johnson Marc Staal
Goaltenders
Starting : Marty Turco
Backup : Jimmy Howard
Extra Forwards
Normal : Dustin Byfuglien, Rostislav Olesz, Andrew Ladd - PP : Dustin Byfuglien, Rostislav Olesz - PK : Andrew Ladd
Extra Defensemen
Normal : Dave Tanabe, Shane O'Brien, Drew Doughty - PP : Dave Tanabe - PK : Shane O'Brien, Drew Doughty
Penalty Shots
Corey Perry, Ryan Smyth, Bryan Little, Mike Comrie, Dave Tanabe
Flames
5 vs 5 Forward
Center Left Wing Right Wing Time % Phy DF OF
1 Eric Staal Alexander Semin David Backes 40 1 2 2
2 Michal Handzus Mark Bell Milan Hejduk 30 1 2 2
3 Marcel Goc Steve Regier Jordin Tootoo 20 1 2 2
4 Patrik Berglund Mike Leclerc Craig Adams 10 1 2 2
5 vs 5 Defense
Defense Defense Time % Phy DF OF
1 Filip Kuba Steve Eminger 40 1 2 2
2 Tomas Kaberle Erik Johnson 30 1 2 2
3 Niklas Kronwall Derek Meech 20 1 2 2
4 Tomas Kaberle Steve Eminger 10 1 2 2
PowerPlay Forward
Center Left Wing Right Wing Time % Phy DF OF
1 Eric Staal Alexander Semin David Backes 60 1 2 2
2 Patrik Berglund Mark Bell Milan Hejduk 40 1 2 2
PowerPlay Defense
Defense Defense Time % Phy DF OF
1 Filip Kuba Erik Johnson 60 1 2 2
2 Tomas Kaberle Derek Meech 40 1 2 2
Penalty Kill 4 Players Forward
Center Wing Time % Phy DF OF
1 Michal Handzus Mike Leclerc 60 1 3 1
2 Eric Staal Craig Adams 40 1 3 1
Penalty Kill 4 Players Defense
Defense Defense Time % Phy DF OF
1 Tomas Kaberle Steve Eminger 60 1 3 1
2 Derek Meech Erik Johnson 40 1 3 1
Penalty Kill - 3 Players Forward
Forward Time % Phy DF OF
1 Eric Staal 60 1 4 0
2 Mike Leclerc 40 1 4 0
Penalty Kill - 3 Players Defense
Defense Defense Time % Phy DF OF
1 Tomas Kaberle Steve Eminger 60 1 4 0
2 Filip Kuba Erik Johnson 40 1 4 0
4 vs 4 Forward
Center Wing Time % Phy DF OF
1 Eric Staal Alexander Semin 60 1 2 2
2 Michal Handzus David Backes 40 1 2 2
4 vs 4 Defense
Defense Defense Time % Phy DF OF
1 Filip Kuba Steve Eminger 60 1 2 2
2 Tomas Kaberle Erik Johnson 40 1 2 2
Last Minutes Offensive
Center Left Wing Right Wing Defense Defense
Eric Staal Alexander Semin David Backes Filip Kuba Steve Eminger
Last Minutes Defensive
Center Left Wing Right Wing Defense Defense
Eric Staal Alexander Semin David Backes Filip Kuba Steve Eminger
Goaltenders
Starting : Pekka Rinne
Backup : Craig Anderson
Extra Forwards
Normal : Alexander Semin, Jordin Tootoo, Michal Handzus - PP : Mark Bell, Milan Hejduk - PK : David Backes
Extra Defensemen
Normal : Erik Johnson, Tomas Kaberle, Niklas Kronwall - PP : Tomas Kaberle - PK : Erik Johnson, Derek Meech
Penalty Shots
Alexander Semin, Eric Staal, David Backes, Mark Bell, Milan Hejduk
% Time on Ice - Avalanche
Lines # - Real PCT - Wanted PCT - Time Play
Normal Forward
1 - 30% - 35% - 14:26
2 - 30% - 35% - 14:19
3 - 20% - 15% - 9:24
4 - 20% - 15% - 9:32
Normal Defense
1 - 34% - 35% - 16:19
2 - 35% - 35% - 16:41
3 - 31% - 30% - 14:41
4 - 0% - 0% - 0:00
PP Forward
1 - 54% - 60% - 3:07
2 - 46% - 40% - 2:38
PP Defense
1 - 57% - 60% - 3:18
2 - 43% - 40% - 2:27
PK Forward
1 - 68% - 60% - 4:26
2 - 32% - 40% - 2:08
PK Defense
1 - 66% - 60% - 4:20
2 - 34% - 40% - 2:14
PK3 Forward
1 - 0% - 60%
2 - 0% - 40%
PK3 Defense
1 - 0% - 60%
2 - 0% - 40%
44 Forward
1 - 0% - 60%
2 - 0% - 40%
44 Defense
1 - 0% - 60%
2 - 0% - 40%
Last Minute Offensive - 0:00
Last Minute Defensive - 0:00
Total
Forward - 60:00
Defense - 60:00
|
% Time on Ice - Flames
Lines # - Real PCT - Wanted PCT - Time Play
Normal Forward
1 - 34% - 40% - 16:21
2 - 26% - 30% - 12:32
3 - 24% - 20% - 11:31
4 - 15% - 10% - 7:17
Normal Defense
1 - 42% - 40% - 19:56
2 - 31% - 30% - 14:41
3 - 22% - 20% - 10:27
4 - 5% - 10% - 2:37
PP Forward
1 - 55% - 60% - 3:35
2 - 45% - 40% - 2:59
PP Defense
1 - 68% - 60% - 4:29
2 - 32% - 40% - 2:05
PK Forward
1 - 82% - 60% - 4:42
2 - 18% - 40% - 1:03
PK Defense
1 - 61% - 60% - 3:31
2 - 39% - 40% - 2:14
PK3 Forward
1 - 0% - 60%
2 - 0% - 40%
PK3 Defense
1 - 0% - 60%
2 - 0% - 40%
44 Forward
1 - 0% - 60%
2 - 0% - 40%
44 Defense
1 - 0% - 60%
2 - 0% - 40%
Last Minute Offensive - 0:00
Last Minute Defensive - 0:00
Total
Forward - 60:00
Defense - 60:00
|
Play by Play
1st period
0:01 of 1st period - Bryan Little wins face-off versus Eric Staal in neutral zone.
0:06 of 1st period - Slapshot by Corey Perry.
0:06 of 1st period - Shot Misses the Net.
0:08 of 1st period - Slapshot by Drew Doughty.
0:08 of 1st period - Deflect By Michael Rupp.
0:08 of 1st period - Shot Misses the Net.
0:08 of 1st period - Puck is out of play.
0:09 of 1st period - Bryan Little wins face-off versus Eric Staal in Flames zone.
0:10 of 1st period - Wrist shot by Corey Perry.
0:10 of 1st period - Stopped by Pekka Rinne with a rebound.
0:12 of 1st period - Slapshot by Drew Doughty.
0:12 of 1st period - Shot Blocked by David Backes.
0:14 of 1st period - Snap shot by Corey Perry.
0:14 of 1st period - Stopped by Pekka Rinne with a rebound.
0:16 of 1st period - Snap shot by Michael Rupp.
0:16 of 1st period - Deflect By David Backes.
0:16 of 1st period - Shot Misses the Net.
0:16 of 1st period - Puck is out of play.
0:17 of 1st period - Michal Handzus wins face-off versus Mike Comrie in Flames zone.
0:42 of 1st period - Jordin Tootoo is hit by Maxim Talbot and loses puck.
1:12 of 1st period - Snap shot by Eric Staal.
1:12 of 1st period - Stopped by Marty Turco without a rebound.
1:13 of 1st period - Patrik Berglund wins face-off versus Bryan Little in Avalanche zone.
1:16 of 1st period - Snap shot by Mike Leclerc.
1:16 of 1st period - Shot Misses the Net.
2:10 of 1st period - Wrist shot by Jason Allison.
2:10 of 1st period - Stopped by Pekka Rinne without a rebound.
2:11 of 1st period - Bryan Little wins face-off versus Marcel Goc in Flames zone.
3:33 of 1st period - Shane O'Brien is hit by Mark Bell and loses puck.
3:59 of 1st period - Off-side.
4:00 of 1st period - Marcel Goc wins face-off versus Bryan Little in neutral zone.
4:51 of 1st period - Wrist shot by Milan Hejduk.
4:51 of 1st period - Stopped by Marty Turco with a rebound.
5:23 of 1st period - Derek Meech is hit by Ryan Smyth.
5:51 of 1st period - Snap shot by Steve Regier.
5:51 of 1st period - Stopped by Marty Turco without a rebound.
5:52 of 1st period - Eric Staal wins face-off versus Bryan Little in Avalanche zone.
6:18 of 1st period - Slapshot by Brian Campbell.
6:18 of 1st period - Stopped by Pekka Rinne with a rebound.
6:38 of 1st period - Patrik Berglund is hit by Maxim Talbot and loses puck.
6:59 of 1st period - Drew Doughty is hit by Eric Staal and loses puck.
7:57 of 1st period - Tomas Kaberle is hit by Andrew Ladd and loses puck.
8:10 of 1st period - Minor Penalty to Dustin Byfuglien for Cross-checking.
8:11 of 1st period - Eric Staal wins face-off versus Mike Comrie in Avalanche zone.
8:12 of 1st period - Wrist shot by David Backes.
8:12 of 1st period - Shot Misses the Net.
8:14 of 1st period - Slapshot by Filip Kuba.
8:14 of 1st period - Deflect By Mike Comrie.
8:14 of 1st period - Stopped by Marty Turco without a rebound.
8:15 of 1st period - Eric Staal wins face-off versus Mike Comrie in Avalanche zone.
8:18 of 1st period - Wrist shot by Eric Staal.
8:18 of 1st period - Shot Misses the Net.
8:20 of 1st period - Wrist shot by Alexander Semin.
8:20 of 1st period - Shot Blocked by Marc Staal.
8:22 of 1st period - Wrist shot by Erik Johnson.
8:22 of 1st period - Stopped by Marty Turco with a rebound.
8:50 of 1st period - Wrist shot by Patrik Berglund.
8:50 of 1st period - Stopped by Marty Turco without a rebound.
8:51 of 1st period - Eric Staal wins face-off versus Andrew Ladd in Avalanche zone.
10:10 of 1st period - Penalty to Dustin Byfuglien is over, Dustin Byfuglien is back on ice.
10:17 of 1st period - Slapshot by Marc Staal.
10:17 of 1st period - Deflect By Jason Allison.
10:17 of 1st period - Goal by Jason Allison - Avalanche : 1 - Flames : 0.
10:18 of 1st period - David Backes wins face-off versus Mike Comrie in neutral zone.
10:45 of 1st period - Corey Perry is hit by Mark Bell and loses puck.
11:38 of 1st period - Off-side.
11:39 of 1st period - Corey Perry wins face-off versus David Backes in neutral zone.
11:42 of 1st period - Wrist shot by Michael Rupp.
11:42 of 1st period - Shot Misses the Net.
11:50 of 1st period - Bryan Little is hit by David Backes and loses puck.
12:40 of 1st period - Chuck Kobasew is hit by Niklas Kronwall and loses puck.
12:51 of 1st period - Chuck Kobasew is hit by Steve Regier.
12:52 of 1st period - Icing by Chuck Kobasew.
12:53 of 1st period - Jason Allison wins face-off versus Marcel Goc in Avalanche zone.
13:34 of 1st period - Wrist shot by Rostislav Olesz.
13:34 of 1st period - Shot Blocked by Jordin Tootoo.
13:46 of 1st period - Snap shot by Jason Allison.
13:46 of 1st period - Shot Misses the Net.
14:04 of 1st period - Slapshot by Jason Allison.
14:04 of 1st period - Stopped by Pekka Rinne with a rebound.
14:14 of 1st period - Snap shot by Steve Regier.
14:14 of 1st period - Shot Blocked by Brian Campbell.
14:16 of 1st period - Slapshot by Steve Eminger.
14:16 of 1st period - Deflect By Steve Regier.
14:16 of 1st period - Shot Misses the Net.
14:16 of 1st period - Puck is out of play.
14:17 of 1st period - Corey Perry wins face-off versus Eric Staal in Avalanche zone.
14:24 of 1st period - Wrist shot by Eric Staal.
14:24 of 1st period - Shot Blocked by Marc Staal.
15:06 of 1st period - Snap shot by Jack Johnson.
15:06 of 1st period - Shot Blocked by Erik Johnson.
15:08 of 1st period - Snap shot by Jack Johnson.
15:08 of 1st period - Shot Hit the Post.
15:24 of 1st period - Wrist shot by David Backes.
15:24 of 1st period - Stopped by Marty Turco with a rebound.
16:22 of 1st period - Snap shot by Mike Comrie.
16:22 of 1st period - Deflect By Jason Pominville.
16:22 of 1st period - Stopped by Pekka Rinne without a rebound.
16:23 of 1st period - Eric Staal wins face-off versus Mike Comrie in Flames zone.
16:38 of 1st period - Slapshot by Mike Comrie.
16:38 of 1st period - Shot Blocked by Steve Eminger.
16:58 of 1st period - Wrist shot by Alexander Semin.
16:58 of 1st period - Shot Misses the Net.
17:19 of 1st period - Marc Staal is hit by Erik Johnson.
18:06 of 1st period - Snap shot by David Backes.
18:06 of 1st period - Shot Misses the Net.
18:08 of 1st period - Snap shot by Alexander Semin.
18:08 of 1st period - Stopped by Marty Turco with a rebound.
18:10 of 1st period - Snap shot by David Backes.
18:10 of 1st period - Goal by David Backes - Avalanche : 1 - Flames : 1.
18:11 of 1st period - Mike Comrie wins face-off versus Michal Handzus in neutral zone.
18:13 of 1st period - Minor Penalty to Jason Pominville for Roughing.
18:14 of 1st period - Mike Comrie wins face-off versus Patrik Berglund in Avalanche zone.
18:28 of 1st period - Wrist shot by Milan Hejduk.
18:28 of 1st period - Shot Blocked by Marc Staal.
18:58 of 1st period - Wrist shot by Mike Leclerc.
18:58 of 1st period - Shot Blocked by Dustin Byfuglien.
19:04 of 1st period - Snap shot by Mike Leclerc.
19:04 of 1st period - Shot Misses the Net.
19:38 of 1st period - Slapshot by Chuck Kobasew.
19:38 of 1st period - Stopped by Pekka Rinne with a rebound.
Goals for this period are 1 for Avalanche vs 1 for Flames.
Shots for this period are 8 for Avalanche vs 9 for Flames.
2nd period
0:01 of 2nd period - Mike Comrie wins face-off versus Alexander Semin in neutral zone.
0:04 of 2nd period - Slapshot by Marc Staal.
0:04 of 2nd period - Stopped by Pekka Rinne with a rebound.
0:13 of 2nd period - Penalty to Jason Pominville is over, Jason Pominville is back on ice.
0:16 of 2nd period - Wrist shot by Eric Staal.
0:16 of 2nd period - Stopped by Marty Turco with a rebound.
0:28 of 2nd period - Snap shot by Marc Staal.
0:28 of 2nd period - Deflect By Erik Johnson.
0:28 of 2nd period - Stopped by Pekka Rinne with a rebound.
0:56 of 2nd period - Snap shot by Rostislav Olesz.
0:56 of 2nd period - Stopped by Pekka Rinne with a rebound.
0:58 of 2nd period - Slapshot by Marc Staal.
0:58 of 2nd period - Shot Blocked by Tomas Kaberle.
1:16 of 2nd period - Snap shot by Eric Staal.
1:16 of 2nd period - Shot Blocked by Shane O'Brien.
1:18 of 2nd period - Wrist shot by Alexander Semin.
1:18 of 2nd period - Deflect By Eric Staal.
1:18 of 2nd period - Stopped by Marty Turco without a rebound.
1:19 of 2nd period - Michal Handzus wins face-off versus Michael Rupp in Avalanche zone.
1:20 of 2nd period - Snap shot by Milan Hejduk.
1:20 of 2nd period - Shot Misses the Net.
1:22 of 2nd period - Slapshot by Milan Hejduk.
1:22 of 2nd period - Stopped by Marty Turco without a rebound.
1:23 of 2nd period - Michal Handzus wins face-off versus Bryan Little in Avalanche zone.
1:26 of 2nd period - Wrist shot by Michal Handzus.
1:26 of 2nd period - Shot Misses the Net.
1:28 of 2nd period - Snap shot by Derek Meech.
1:28 of 2nd period - Stopped by Marty Turco with a rebound.
1:44 of 2nd period - Minor Penalty to Michael Rupp for Tripping.
1:45 of 2nd period - Eric Staal wins face-off versus Mike Comrie in Avalanche zone.
1:46 of 2nd period - Wrist shot by David Backes.
1:46 of 2nd period - Deflect By Eric Staal.
1:46 of 2nd period - Shot Blocked by Marc Staal.
1:46 of 2nd period - Puck is out of play.
1:47 of 2nd period - Mike Comrie wins face-off versus David Backes in Avalanche zone.
2:21 of 2nd period - Slapshot by Erik Johnson.
2:21 of 2nd period - Deflect By Patrik Berglund.
2:21 of 2nd period - Goal by Patrik Berglund - Avalanche : 1 - Flames : 2.
2:22 of 2nd period - Bryan Little wins face-off versus Eric Staal in neutral zone.
2:27 of 2nd period - Snap shot by Corey Perry.
2:27 of 2nd period - Stopped by Pekka Rinne with a rebound.
2:52 of 2nd period - Slapshot by Milan Hejduk.
2:52 of 2nd period - Deflect By Dave Tanabe.
2:52 of 2nd period - Shot Blocked by Jason Pominville.
2:52 of 2nd period - Puck is out of play.
2:53 of 2nd period - Mike Comrie wins face-off versus Michal Handzus in Avalanche zone.
2:57 of 2nd period - Minor Penalty to Ryan Smyth for Slashing.
2:58 of 2nd period - Mike Comrie wins face-off versus Eric Staal in Avalanche zone.
3:52 of 2nd period - Mike Comrie is hit by Alexander Semin and loses puck.
4:09 of 2nd period - Tomas Kaberle is hit by Rostislav Olesz and loses puck.
4:16 of 2nd period - Snap shot by Rostislav Olesz.
4:16 of 2nd period - Stopped by Pekka Rinne with a rebound.
4:18 of 2nd period - Snap shot by Rostislav Olesz.
4:18 of 2nd period - Stopped by Pekka Rinne with a rebound.
4:57 of 2nd period - Penalty to Ryan Smyth is over, Ryan Smyth is back on ice.
5:04 of 2nd period - Slapshot by Chuck Kobasew.
5:04 of 2nd period - Stopped by Pekka Rinne without a rebound.
5:05 of 2nd period - Jason Allison wins face-off versus Marcel Goc in Flames zone.
5:06 of 2nd period - Wrist shot by Rostislav Olesz.
5:06 of 2nd period - Shot Misses the Net.
5:08 of 2nd period - Wrist shot by Jason Allison.
5:08 of 2nd period - Stopped by Pekka Rinne without a rebound.
5:09 of 2nd period - Jordin Tootoo wins face-off versus Bryan Little in Flames zone.
5:09 of 2nd period - Jordin Tootoo is hit by Drew Doughty.
5:40 of 2nd period - Alexander Semin is hit by Ryan Smyth and loses puck.
6:05 of 2nd period - Slapshot by Andrew Ladd.
6:05 of 2nd period - Stopped by Pekka Rinne with a rebound.
6:19 of 2nd period - Slapshot by Rostislav Olesz.
6:19 of 2nd period - Shot Misses the Net.
6:21 of 2nd period - Wrist shot by Drew Doughty.
6:21 of 2nd period - Stopped by Pekka Rinne without a rebound.
6:22 of 2nd period - Mike Comrie wins face-off versus David Backes in Flames zone.
6:58 of 2nd period - Slapshot by Michal Handzus.
6:58 of 2nd period - Shot Misses the Net.
7:14 of 2nd period - Icing by Filip Kuba.
7:15 of 2nd period - Maxim Talbot wins face-off versus Steve Regier in Flames zone.
7:24 of 2nd period - Wrist shot by Tomas Kaberle.
7:24 of 2nd period - Deflect By Jack Johnson.
7:24 of 2nd period - Stopped by Marty Turco with a rebound.
7:38 of 2nd period - Wrist shot by Jordin Tootoo.
7:38 of 2nd period - Shot Misses the Net.
7:40 of 2nd period - Snap shot by Steve Regier.
7:40 of 2nd period - Stopped by Marty Turco without a rebound.
7:41 of 2nd period - Mike Comrie wins face-off versus Eric Staal in Avalanche zone.
7:47 of 2nd period - Off-side.
7:48 of 2nd period - Mike Comrie wins face-off versus Eric Staal in neutral zone.
8:15 of 2nd period - Minor Penalty to Milan Hejduk for Hooking.
8:16 of 2nd period - Jason Allison wins face-off versus Michal Handzus in Flames zone.
8:50 of 2nd period - Wrist shot by Rostislav Olesz.
8:50 of 2nd period - Shot Misses the Net.
8:52 of 2nd period - Snap shot by Rostislav Olesz.
8:52 of 2nd period - Stopped by Pekka Rinne without a rebound.
8:53 of 2nd period - Jason Allison wins face-off versus Michal Handzus in Flames zone.
8:58 of 2nd period - Snap shot by Ryan Smyth.
8:58 of 2nd period - Goal by Ryan Smyth - Avalanche : 2 - Flames : 2.
8:59 of 2nd period - Mike Comrie wins face-off versus Eric Staal in neutral zone.
9:02 of 2nd period - Slapshot by Drew Doughty.
9:02 of 2nd period - Shot Misses the Net.
9:24 of 2nd period - Michael Rupp is hit by Jordin Tootoo and loses puck.
9:29 of 2nd period - Slapshot by Marcel Goc.
9:29 of 2nd period - Shot Blocked by Jack Johnson.
9:31 of 2nd period - Slapshot by Jordin Tootoo.
9:31 of 2nd period - Stopped by Marty Turco without a rebound.
9:32 of 2nd period - Bryan Little wins face-off versus David Backes in Avalanche zone.
9:39 of 2nd period - Wrist shot by Alexander Semin.
9:39 of 2nd period - Stopped by Marty Turco without a rebound.
9:40 of 2nd period - Bryan Little wins face-off versus Eric Staal in Avalanche zone.
9:55 of 2nd period - Marc Staal is hit by Eric Staal and loses puck.
10:24 of 2nd period - Slapshot by Dave Tanabe.
10:24 of 2nd period - Deflect By Alexander Semin.
10:24 of 2nd period - Stopped by Pekka Rinne with a rebound.
10:26 of 2nd period - Slapshot by Marc Staal.
10:26 of 2nd period - Stopped by Pekka Rinne without a rebound.
10:27 of 2nd period - Michal Handzus wins face-off versus Mike Comrie in Flames zone.
10:54 of 2nd period - Jack Johnson is hit by Filip Kuba and loses puck.
11:37 of 2nd period - Dave Tanabe is hit by Derek Meech.
12:12 of 2nd period - Slapshot by Drew Doughty.
12:12 of 2nd period - Deflect By Tomas Kaberle.
12:12 of 2nd period - Stopped by Pekka Rinne without a rebound.
12:13 of 2nd period - Jason Allison wins face-off versus Alexander Semin in Flames zone.
12:18 of 2nd period - Snap shot by Chuck Kobasew.
12:18 of 2nd period - Deflect By Jason Allison.
12:18 of 2nd period - Stopped by Pekka Rinne with a rebound.
12:26 of 2nd period - Snap shot by Rostislav Olesz.
12:26 of 2nd period - Shot Misses the Net.
12:38 of 2nd period - Ryan Smyth is hit by Filip Kuba and loses puck.
12:45 of 2nd period - Wrist shot by Michal Handzus.
12:45 of 2nd period - Deflect By Jason Pominville.
12:45 of 2nd period - Stopped by Marty Turco without a rebound.
12:46 of 2nd period - Michal Handzus wins face-off versus Mike Comrie in Avalanche zone.
13:13 of 2nd period - Erik Johnson is hit by Bryan Little and loses puck.
13:20 of 2nd period - Slapshot by Corey Perry.
13:20 of 2nd period - Stopped by Pekka Rinne without a rebound.
13:21 of 2nd period - Michal Handzus wins face-off versus Mike Comrie in Flames zone.
13:32 of 2nd period - Backhand shot by Steve Eminger.
13:32 of 2nd period - Shot Blocked by Ryan Smyth.
14:27 of 2nd period - Chuck Kobasew is hit by Craig Adams and loses puck.
15:02 of 2nd period - Jason Allison is hit by Derek Meech and loses puck.
15:17 of 2nd period - Snap shot by Michal Handzus.
15:17 of 2nd period - Stopped by Marty Turco without a rebound.
15:18 of 2nd period - Michal Handzus wins face-off versus Mike Comrie in Avalanche zone.
15:31 of 2nd period - Slapshot by Milan Hejduk.
15:31 of 2nd period - Shot Misses the Net.
15:33 of 2nd period - Wrist shot by Mark Bell.
15:33 of 2nd period - Shot Blocked by Ryan Smyth.
15:59 of 2nd period - Michael Rupp is hit by Eric Staal and loses puck.
17:58 of 2nd period - Backhand shot by Steve Regier.
17:58 of 2nd period - Shot Blocked by Mike Comrie.
18:36 of 2nd period - Wrist shot by Patrik Berglund.
18:36 of 2nd period - Shot Misses the Net.
18:38 of 2nd period - Slapshot by Niklas Kronwall.
18:38 of 2nd period - Stopped by Marty Turco with a rebound.
18:40 of 2nd period - Slapshot by Mike Leclerc.
18:40 of 2nd period - Shot Misses the Net.
18:50 of 2nd period - Mark Bell is hit by Dave Tanabe.
19:34 of 2nd period - Andrew Ladd is hit by Filip Kuba.
19:43 of 2nd period - Derek Meech is hit by Dustin Byfuglien and loses puck.
Goals for this period are 1 for Avalanche vs 1 for Flames.
Shots for this period are 17 for Avalanche vs 12 for Flames.
3rd period
0:01 of 3rd period - Eric Staal wins face-off versus Mike Comrie in neutral zone.
0:08 of 3rd period - Wrist shot by David Backes.
0:08 of 3rd period - Stopped by Marty Turco without a rebound.
0:09 of 3rd period - Eric Staal wins face-off versus Ryan Smyth in Avalanche zone.
0:23 of 3rd period - Off-side.
0:24 of 3rd period - Michal Handzus wins face-off versus Michael Rupp in neutral zone.
0:26 of 3rd period - Steve Eminger is hit by Michael Rupp and loses puck.
0:29 of 3rd period - Snap shot by Milan Hejduk.
0:29 of 3rd period - Deflect By Mark Bell.
0:29 of 3rd period - Shot Misses the Net.
0:29 of 3rd period - Puck is out of play.
0:30 of 3rd period - Bryan Little wins face-off versus Michal Handzus in Avalanche zone.
0:45 of 3rd period - Backhand shot by Bryan Little.
0:45 of 3rd period - Deflect By Mark Bell.
0:45 of 3rd period - Stopped by Pekka Rinne with a rebound.
0:47 of 3rd period - Minor Penalty to Milan Hejduk for Diving.
0:48 of 3rd period - Michal Handzus wins face-off versus Jason Allison in Flames zone.
1:03 of 3rd period - Mike Leclerc is hit by Ryan Smyth and loses puck.
2:28 of 3rd period - Icing by Corey Perry.
2:29 of 3rd period - Eric Staal wins face-off versus Bryan Little in Avalanche zone.
2:40 of 3rd period - Wrist shot by Eric Staal.
2:40 of 3rd period - Shot Misses the Net.
2:42 of 3rd period - Slapshot by Tomas Kaberle.
2:42 of 3rd period - Stopped by Marty Turco with a rebound.
2:44 of 3rd period - Snap shot by Eric Staal.
2:44 of 3rd period - Stopped by Marty Turco with a rebound.
2:47 of 3rd period - Penalty to Milan Hejduk is over, Milan Hejduk is back on ice.
4:24 of 3rd period - Wrist shot by Patrik Berglund.
4:24 of 3rd period - Goal by Patrik Berglund - Avalanche : 2 - Flames : 3.
4:25 of 3rd period - Mike Comrie wins face-off versus Eric Staal in neutral zone.
4:52 of 3rd period - Bryan Little is hit by Steve Regier and loses puck.
5:01 of 3rd period - Snap shot by Steve Regier.
5:01 of 3rd period - Deflect By Marcel Goc.
5:01 of 3rd period - Goal by Marcel Goc - Avalanche : 2 - Flames : 4.
5:02 of 3rd period - Mike Comrie wins face-off versus Eric Staal in neutral zone.
5:07 of 3rd period - Slapshot by Ryan Smyth.
5:07 of 3rd period - Stopped by Pekka Rinne without a rebound.
5:08 of 3rd period - Mike Comrie wins face-off versus Eric Staal in Flames zone.
5:37 of 3rd period - Wrist shot by Marcel Goc.
5:37 of 3rd period - Shot Misses the Net.
5:39 of 3rd period - Slapshot by Filip Kuba.
5:39 of 3rd period - Stopped by Marty Turco with a rebound.
5:41 of 3rd period - Wrist shot by Jordin Tootoo.
5:41 of 3rd period - Shot Blocked by Brian Campbell.
5:43 of 3rd period - Wrist shot by Steve Regier.
5:43 of 3rd period - Shot Misses the Net.
5:45 of 3rd period - Wrist shot by Steve Regier.
5:45 of 3rd period - Stopped by Marty Turco with a rebound.
5:59 of 3rd period - Backhand shot by Michal Handzus.
5:59 of 3rd period - Stopped by Marty Turco with a rebound.
6:01 of 3rd period - Snap shot by Michal Handzus.
6:01 of 3rd period - Goal by Michal Handzus - Avalanche : 2 - Flames : 5.
6:02 of 3rd period - Eric Staal wins face-off versus Bryan Little in neutral zone.
6:10 of 3rd period - Minor Penalty to David Backes for Interference.
6:11 of 3rd period - Michal Handzus wins face-off versus Jason Allison in Flames zone.
6:37 of 3rd period - Mike Leclerc is hit by Bryan Little and loses puck.
6:42 of 3rd period - Slapshot by Bryan Little.
6:42 of 3rd period - Shot Misses the Net.
6:44 of 3rd period - Snap shot by Bryan Little.
6:44 of 3rd period - Shot Misses the Net.
6:46 of 3rd period - Slapshot by Jason Pominville.
6:46 of 3rd period - Shot Blocked by Steve Eminger.
6:48 of 3rd period - Snap shot by Rostislav Olesz.
6:48 of 3rd period - Shot Misses the Net.
8:10 of 3rd period - Penalty to David Backes is over, David Backes is back on ice.
8:22 of 3rd period - Slapshot by Erik Johnson.
8:22 of 3rd period - Shot Blocked by Jack Johnson.
10:09 of 3rd period - Tomas Kaberle is hit by Corey Perry and loses puck.
10:39 of 3rd period - Drew Doughty is hit by Erik Johnson.
11:05 of 3rd period - Filip Kuba is hit by Drew Doughty and loses puck.
11:32 of 3rd period - Wrist shot by Jason Allison.
11:32 of 3rd period - Shot Misses the Net.
11:48 of 3rd period - Snap shot by Jason Pominville.
11:48 of 3rd period - Shot Blocked by Mark Bell.
11:58 of 3rd period - Steve Eminger is hit by Dustin Byfuglien and loses puck.
12:55 of 3rd period - Marcel Goc is hit by Dustin Byfuglien and loses puck.
13:30 of 3rd period - Drew Doughty is hit by Erik Johnson.
13:50 of 3rd period - Wrist shot by Mike Comrie.
13:50 of 3rd period - Shot Misses the Net.
14:06 of 3rd period - Milan Hejduk is hit by Dustin Byfuglien and loses puck.
14:51 of 3rd period - Wrist shot by Eric Staal.
14:51 of 3rd period - Shot Misses the Net.
15:05 of 3rd period - Icing by Shane O'Brien.
15:06 of 3rd period - Michal Handzus wins face-off versus Mike Comrie in Avalanche zone.
15:09 of 3rd period - Snap shot by Michal Handzus.
15:09 of 3rd period - Stopped by Marty Turco with a rebound.
15:11 of 3rd period - Wrist shot by Michal Handzus.
15:11 of 3rd period - Stopped by Marty Turco with a rebound.
15:13 of 3rd period - Snap shot by Steve Eminger.
15:13 of 3rd period - Stopped by Marty Turco without a rebound.
15:14 of 3rd period - Bryan Little wins face-off versus Michal Handzus in Avalanche zone.
15:23 of 3rd period - Slapshot by Drew Doughty.
15:23 of 3rd period - Shot Blocked by Mark Bell.
15:39 of 3rd period - Jack Johnson is hit by Filip Kuba and loses puck.
15:48 of 3rd period - Snap shot by Steve Regier.
15:48 of 3rd period - Stopped by Marty Turco with a rebound.
16:06 of 3rd period - Marc Staal is hit by Eric Staal and loses puck.
16:25 of 3rd period - Slapshot by Chuck Kobasew.
16:25 of 3rd period - Stopped by Pekka Rinne without a rebound.
16:26 of 3rd period - Bryan Little wins face-off versus Michal Handzus in Flames zone.
16:29 of 3rd period - Snap shot by Bryan Little.
16:29 of 3rd period - Deflect By Corey Perry.
16:29 of 3rd period - Goal by Corey Perry - Avalanche : 3 - Flames : 5.
16:30 of 3rd period - Bryan Little wins face-off versus Eric Staal in neutral zone.
16:56 of 3rd period - Steve Eminger is hit by Mike Comrie and loses puck.
17:01 of 3rd period - Wrist shot by Ryan Smyth.
17:01 of 3rd period - Stopped by Pekka Rinne with a rebound.
17:03 of 3rd period - Wrist shot by Jason Pominville.
17:03 of 3rd period - Stopped by Pekka Rinne with a rebound.
17:17 of 3rd period - Marc Staal is hit by Milan Hejduk.
17:37 of 3rd period - Michal Handzus is hit by Brian Campbell and loses puck.
18:17 of 3rd period - Off-side.
18:18 of 3rd period - Mike Comrie wins face-off versus Patrik Berglund in neutral zone.
18:43 of 3rd period - Jordin Tootoo is hit by Michael Rupp and loses puck.
18:55 of 3rd period - Minor Penalty to Steve Regier for Holding.
18:56 of 3rd period - Michal Handzus wins face-off versus Jason Allison in Flames zone.
19:10 of 3rd period - Slapshot by Drew Doughty.
19:10 of 3rd period - Stopped by Pekka Rinne with a rebound.
19:22 of 3rd period - Erik Johnson is hit by Bryan Little and loses puck.
19:41 of 3rd period - Craig Adams is hit by Jason Allison and loses puck.
Goals for this period are 1 for Avalanche vs 3 for Flames.
Shots for this period are 7 for Avalanche vs 13 for Flames.
Output by the SimonT Hockey Simulator (STHS) for François Prévost -- Original Page W3C XHTML 1.0 Valid